 Dungeon Crawl Stone Soup version 0.20.1-1-g8b1a95d (webtiles) character file.

2156 spiff the Skirmisher (level 9, -1/64 HPs)
             Began as an Octopode Transmuter on July 19, 2017.
             Was a Priest of Cheibriados.
             Slain by an ogre
             ... wielding a +0 giant spiked club
              (22 damage)
             ... on level 7 of the Dungeon.
             The game lasted 00:21:25 (8324 turns).

spiff the Skirmisher (Octopode Transmuter)          Turns: 8324, Time: 00:21:26

Health: -1/64      AC:  3    Str: 19    XL:     9   Next: 31%
Magic:  8/12       EV: 17    Int: 23    God:    Cheibriados [***...]
Gold:   510        SH:  0    Dex: 19    Spells: 0/12 levels left

rFire    + . .     SeeInvis .     - Unarmed
rCold    . . .     Gourm    .   (no shield)
rNeg     + . .     Faith    .   B - +2 hat
rPois    .         Spirit   .   i - amulet of rage
rElec    .         Reflect  .   d - ring of positive energy
rCorr    .         Harm     .   w - ring of protection from fire
MR       .....                  (no ring)
Stlth    +++.......             (no ring)
Regen    0.2/turn               (no ring)
MPRegen  0.2/turn               (no ring)
                                (no ring)
                                (no ring)

@: lethally poisoned (-1 -> -3), appendage, very slow
A: almost no armour, stealthy swim, amphibious, 8 rings, constrict 8, tentacle
spike 3, camouflage 1, gelatinous body 1
a: End Transformation, Bend Time, Temporal Distortion, Renounce Religion, Evoke
Berserk Rage


You were on level 7 of the Dungeon.
You worshipped Cheibriados.
Cheibriados was most pleased with you.
You were hungry.
One of your tentacles had a temporary spike.
You visited 2 branches of the dungeon, and saw 8 of its levels.
You also visited: Sewer.

You collected 510 gold pieces.

Inventory:

Missiles
 a - 74 arrows
 q - 184 stones (quivered)
 I - 2 throwing nets
Armour
 y - a +1 hat of magic resistance
 B - a +2 hat (worn)
Jewellery
 d - a ring of positive energy (left tentacle)
 i - an amulet of rage (around mantle)
 w - a ring of protection from fire (right tentacle)
Wands
 k - a wand of disintegration (4/24)
 F - a wand of confusion (23/48)
 H - a wand of enslavement (10/24)
Scrolls
 e - 2 scrolls of teleportation
 h - 5 scrolls of amnesia
 n - 4 scrolls of immolation
 r - a scroll of noise
 t - 2 scrolls of fear
 u - a scroll of torment {unknown}
 A - a scroll of magic mapping
 C - a scroll of enchant weapon {unknown}
 E - a scroll of identify
Potions
 g - 6 potions of heal wounds
 j - 3 potions of invisibility
 l - 2 potions of magic {unknown}
 o - 5 potions of brilliance
 p - 3 potions of agility
 v - a potion of degeneration {unknown}
 x - 2 potions of curing
 z - a potion of flight {unknown}
 D - 2 potions of ambrosia {unknown}
Books
 b - a book of Changes

   Spells                             Type                      Level
   a - Beastly Appendage              Transmutation                1
   b - Sticks to Snakes               Transmutation                2
   c - Spider Form                    Transmutation/Poison         3
   d - Ice Form                       Ice/Transmutation            4
   e - Blade Hands                    Transmutation                5
 J - a book of Maledictions

   Spells                             Type                      Level
   a - Corona                         Hexes                        1
   b - Ensorcelled Hibernation        Hexes/Ice                    2
   c - Confuse                        Hexes                        3
   d - Tukima's Dance                 Hexes                        3
   e - Dazzling Spray                 Conjuration/Hexes            3
 K - a book of Minor Magic

   Spells                             Type                      Level
   a - Magic Dart                     Conjuration                  1
   b - Blink                          Translocation                2
   c - Call Imp                       Summoning                    2
   d - Slow                           Hexes                        2
   e - Conjure Flame                  Conjuration/Fire             3
   f - Mephitic Cloud                 Conjuration/Poison/Air       3
Comestibles
 c - 9 bread rations
 f - 6 fruits
 m - 4 meat rations
 s - a royal jelly


   Skills:
 + Level 7.5 Fighting
 - Level 5.0 Dodging
 - Level 5.0 Unarmed Combat
 - Level 2.0 Spellcasting
 + Level 1.7 Translocations
 - Level 7.0 Transmutations


You couldn't memorise any spells.
You knew the following spells:

 Your Spells              Type           Power        Failure   Level  Hunger
a - Beastly Appendage     Tmut           ####..       1%          1    #......
b - Sticks to Snakes      Tmut           ####....     1%          2    ##.....
c - Spider Form           Tmut/Pois      ###.......   9%          3    ###....
d - Ice Form              Ice/Tmut       ###.....     30%         4    #####..
e - Blink                 Tloc           N/A          10%         2    ##.....


Dungeon Overview and Level Annotations

Branches:
Dungeon (7/15)             Temple (1/1) D:5

Altars:
Ashenzari
Cheibriados
Dithmenos
Elyvilon
Fedhas
Gozag
Hepliaklqana
Makhleb
Okawaru
Qazlal
Ru
Sif Muna
Trog
Uskayaw
Vehumet
Yredelemnul
The Shining One

Shops:
D:7 (

Annotations:
D:4 1 runed door, Purgy
D:6 1 runed door


Innate Abilities, Weirdness & Mutations

You cannot wear most types of armour.
You are very stealthy in the water. (Stealth+)
You are amphibious.
You can wear up to eight rings at the same time.
You can use your tentacles to constrict eight enemies at once.
Your skin changes colour to match your surroundings (Stealth+).
Your rubbery body absorbs attacks. (AC +1, EV +1)
One of your tentacles bears a large vicious spike.


Message History

The killer bee poisons you!
You miss the killer bee. You grab the killer bee.
You pierce the killer bee.
The killer bee is heavily wounded.
You constrict the killer bee.
You feel sick. The killer bee closely misses you. The killer bee misses you.
You tentacle-slap the killer bee.
Your tentacle spike misses the killer bee.
You tentacle-slap the killer bee.
You squeeze the killer bee, but do no damage.
The killer bee is almost dead.
You constrict the killer bee.
You kill the killer bee!
Cheibriados thoroughly appreciates the change of pace.
Casting: Beastly Appendage
Confirm with . or Enter, or press ? or * to list all spells.
You create a snake!
You now have 74 arrows.
You are feeling hungry.
You feel sick.
The ogre hits you with a giant spiked club!!
You die...

#..##)|..###.##..##...#
#...#####....[#..# ..##
##....##'###.##..###...
###.##..#####...##....
#.#(...#.....#.....#
#.#....#.##........#
#S##..##.....#.##.##
#..####........##.##
##S@O...............
#†###.<.......##.##
#.............##.#
######.##..####..#
#....## #.## ###### #.#
######.### ##.........
##..........


You could see an ogre and 2 friendly ball pythons.

Vanquished Creatures
  A water moccasin (D:3)
  A sky beast (D:5)
  An ice beast (D:6)
  An ogre (D:5)
  2 phantoms
  3 bullfrogs (D:7)
  5 killer bees (D:7)
  A water moccasin skeleton (D:5)
  2 wights (D:6)
  2 howler monkeys (D:7)
  2 jellies
  2 crimson imps
  A centaur zombie (D:7)
  2 bullfrog zombies
  2 centaur skeletons (D:5)
  A hound (D:5)
  4 orc wizards
  2 human zombies (D:6)
  An iguana (D:7)
  4 worker ants
  A hound skeleton (D:4)
  Robin (D:2)
  A worker ant zombie (D:7)
  7 gnolls
  A howler monkey skeleton (D:5)
  8 adders
  3 shadow imps
  4 oozes
  2 adder skeletons
  2 worms
  2 dart slugs
  3 leopard geckos
  10 orcs
  8 giant cockroaches
  6 goblins
  7 hobgoblins
  4 jackals
  A ball python skeleton (D:5)
  11 bats
  7 frilled lizards
  A jackal skeleton (D:4)
  A jackal zombie (D:6)
  26 kobolds
  A leopard gecko skeleton (D:5)
  6 rats
164 creatures vanquished.

Vanquished Creatures (collateral kills)
  A wight (D:6)
  A worker ant (D:5)
  A quokka (D:3)
  2 bats (D:3)
  A goblin (D:2)
  A kobold (D:3)
7 creatures vanquished.

Grand Total: 171 creatures vanquished

Notes
Turn   | Place    | Note
-------+----------+-------------------------------------------
     0 | D:1      | spiff the Octopode Transmuter began the quest for the Orb.
     0 | D:1      | Reached XP level 1. HP: 13/13 MP: 3/3
   336 | D:1      | Reached XP level 2. HP: 17/18 MP: 5/5
  1062 | D:2      | Learned a level 2 spell: Sticks to Snakes
  1072 | D:2      | Reached XP level 3. HP: 19/23 MP: 2/6
  1316 | D:2      | Noticed Robin
  1337 | D:2      | Killed Robin
  1772 | D:2      | Reached XP level 4. HP: 25/28 MP: 5/7
  2106 | D:3      | Reached skill level 5 in Unarmed Combat
  2613 | D:3      | Noticed a water moccasin
  2625 | D:3      | HP: 1/28 [poisoned by a water moccasin]
  2879 | D:3      | Reached XP level 5. HP: 31/33 MP: 6/8
  2944 | D:3      | Learned a level 4 spell: Ice Form
  3182 | D:3      | Killed a water moccasin
  3182 | D:3      | Reached XP level 6. HP: 26/38 MP: 5/9
  3619 | D:4      | Reached skill level 5 in Transmutations
  4034 | D:4      | Noticed Purgy
  4071 | D:4      | Found a runed door.
  4513 | D:5      | Entered Level 5 of the Dungeon
  4513 | D:5      | Noticed a sky beast
  4726 | D:5      | Reached XP level 7. HP: 43/43 MP: 7/10
  4744 | D:5      | Learned a level 3 spell: Spider Form
  4746 | D:5      | Found a staircase to the Ecumenical Temple.
  4752 | Temple   | Entered the Ecumenical Temple
  4790 | Temple   | Became a worshipper of Cheibriados the Contemplative
  4911 | D:5      | Found a glowing drain.
  4916 | Sewer    | Entered a sewer
  5100 | Sewer    | Reached * piety under Cheibriados
  5690 | D:5      | Reached ** piety under Cheibriados
  5943 | D:5      | Reached XP level 8. HP: 26/51 MP: 11/11
  6380 | D:5      | Found a blossoming altar of Fedhas.
  6556 | D:6      | Found a runed door.
  6563 | D:6      | Found a basalt altar of Yredelemnul.
  7250 | D:6      | Reached skill level 5 in Dodging
  7522 | D:7      | Found an opulent altar of Gozag.
  7567 | D:7      | Reached skill level 5 in Fighting
  7937 | D:7      | Found Luig Zomp's Antique Weapon Shoppe.
  7948 | D:7      | Reached XP level 9. HP: 60/62 MP: 8/12
  8087 | D:7      | Found a hazy altar of Hepliaklqana.
  8179 | D:7      | Reached *** piety under Cheibriados
  8254 | D:7      | Learned a level 2 spell: Blink
  8314 | D:7      | Reached skill level 1 in Translocations
  8324 | D:7      | Slain by an ogre

Skill      XL: |  1  2  3  4  5  6  7  8  9 |
---------------+----------------------------+-----
Unarmed Combat | 4 5 |  5.0
Transmutations | 3 4 6 7 |  7.0
Fighting       | 2 6 7 |  7.5
Dodging        | 3 5 |  5.0
Translocations | 1 |  1.7
Spellcasting   | |  2.0

Action                   |  1- 3 |  4- 6 |  7- 9 || total
-------------------------+-------+-------+-------++-------
Melee: Unarmed           |    63 |    95 |   273 ||   431
       Constrict         |    17 |    31 |    35 ||    83
       Kick              |     8 |    16 |    49 ||    73
       Tentacles         |    11 |    21 |    41 ||    73
       Punch             |     2 |     5 |     5 ||    12
Throw: Stone             |       |     1 |       ||     1
 Cast: Beastly Appendage |    15 |    24 |    30 ||    69
       Sticks to Snakes  |     2 |     9 |     9 ||    20
       Spider Form       |       |       |    10 ||    10
Evoke: Wand              |       |     6 |       ||     6
  Use: Potion            |       |     5 |       ||     5
       Scroll            |       |     9 |     3 ||    12
 Stab: Sleeping          |     5 |     4 |     5 ||    14
  Eat: Chunk             |     2 |     9 |     8 ||    19
       Fruit             |       |     2 |       ||     2
Armor: Skin              |     9 |    10 |    22 ||    41
Dodge: Dodged            |    44 |    63 |   198 ||   305
